 Dungeon Crawl Stone Soup version 0.17-a0-1093-g0b3cd89 (webtiles) character file.

123 Lugonue the Cudgeler (level 4, -1/38 HPs)
             Began as a Draconian Abyssal Knight on May 20, 2015.
             Was a Follower of Lugonu.
             Slain by an ogre
             ... wielding a +0 giant club
              (20 damage)
             ... on level 3 of the Dungeon.
             The game lasted 00:03:33 (2645 turns).

Lugonue the Cudgeler (Draconian Abyssal Knight)     Turns: 2645, Time: 00:03:33

Health: -1/38      AC:  7    Str: 20    XL:     4   Next: 80%
Magic:  6/6        EV: 12    Int: 13    God:    Lugonu [*.....]
Gold:   134        SH:  0    Dex: 11    Spells: 0 memorised, 3 levels left

rFire  . . .     SeeInvis .     a - +2 mace
rCold  . . .     Clarity  .     (armour unavailable)
rNeg   . . .     SustAb   .     (no shield)
rPois  .         Gourm    .     (helmet restricted)
rElec  .         Spirit   .     (no cloak)
rCorr  .         Warding  .     l - +1 pair of gloves
rMut   .         Stasis   .     (no boots)
MR     .....                    (no amulet)
Stlth  +.........               (no ring)
                                k - +6 ring of strength

@: not resistant to hostile enchantments, very unstealthy
A: unfitting armour, cold-blooded, AC +5
a: Depart the Abyss, Renounce Religion


You were on level 3 of the Dungeon.
You worshipped Lugonu.
Lugonu was aware of your devotion.
You were not hungry.

You visited 1 branch of the dungeon, and saw 3 of its levels.
You visited the Abyss 1 time.

You collected 134 gold pieces.

Inventory:

Hand weapons
 a - a +2 mace (weapon)
Armour
 l - a +1 pair of gloves (worn)
Jewellery
 k - a +6 ring of strength (left hand)
Scrolls
 d - 4 scrolls of teleportation
 e - a scroll of identify
 f - a scroll of amnesia {unknown}
Potions
 c - 2 potions of might {unknown}
 i - a potion of flight
 j - 2 potions of ambrosia
 m - 2 potions of heal wounds {unknown}
Comestibles
 b - 3 bread rations
 g - a meat ration
 h - 4 chunks of flesh


   Skills:
 - Level 3.3 Fighting
 * Level 4.2 Maces & Flails
 - Level 2.1 Dodging
 + Level 3.4 Invocations


You had 3 spell levels left.
You didn't know any spells.

Dungeon Overview and Level Annotations

Branches:
Dungeon (3/15)

Altars:
Qazlal
Sif Muna


Innate Abilities, Weirdness & Mutations

Your plain brown scales are hard (AC +5).
Your body does not fit into most forms of armour.
You are cold-blooded and may be slowed by cold attacks.


Message History

Found a stone staircase leading down.
Found a stone staircase leading down.
There is a stone staircase leading down here.
There is a stone staircase leading down here.
You now have 134 gold pieces (gained 7).
An ogre comes into view. It is wielding a giant club.
The ogre shouts!
The ogre misses you.
You hit the ogre.
The ogre is lightly wounded.
The ogre closely misses you.
You hit the ogre.
The ogre is moderately wounded.
The ogre hits you with a giant club!!
Ouch! That really hurt!
You completely miss the ogre.
The ogre is moderately wounded.
The ogre hits you with a giant club!!
Ouch! That really hurt!
You die...

# #....## #.#
#..≈≈≈≈.≈≈≈≈≈ #
#.#+## #.#
#..≈≈≈≈.≈≈≈≈≈
#.#.# #.#
##.≈≈≈≈.≈≈≈≈≈
###.#.# #.#
...........
....#.##########.#
####>.........##.#
..........###.##.#
.###...##.# #.##O#
#.###.###.###.##@#
.## #.# #........#
## #.# #####.####
# #.#######.#
#.........#
###########


You could see an ogre.

Vanquished Creatures
  Ijyb (D:3)
  Jessica (D:2)
  2 adders (D:2)
  An ooze (D:3)
  2 worms (D:2)
  An orc (D:3)
  4 bats
  A giant cockroach (D:3)
  8 hobgoblins
  2 jackals (D:3)
  2 giant geckos
  2 giant newts
  8 goblins
  2 kobolds (D:1)
  4 rats
41 creatures vanquished.

Notes
Turn   | Place    | Note
--------------------------------------------------------------
     0 | Abyss:1  | Lugonue the Draconian Abyssal Knight began the quest for the Orb.
     0 | Abyss:1  | Reached XP level 1. HP: 19/19 MP: 2/2
    30 | Abyss:1  | Noticed an apocalypse crab
    31 | D:1      | Escaped the Abyss
   158 | D:1      | Acquired Lugonu's first power
   309 | D:1      | Reached XP level 2. HP: 16/26 MP: 3/3
  1069 | D:2      | Reached XP level 3. HP: 9/31 MP: 5/5
  1105 | D:2      | Noticed Jessica
  1110 | D:2      | Killed Jessica
  1355 | D:2      | Found a stormy altar of Qazlal.
  1720 | D:2      | Reached XP level 4. HP: 38/38 MP: 6/6
  2156 | D:3      | Found a deep blue altar of Sif Muna.
  2183 | D:3      | Noticed Ijyb
  2204 | D:3      | Killed Ijyb
  2204 | D:3      | Reached skill level 4 in Maces & Flails
  2641 | D:3      | Noticed an ogre
  2645 | D:3      | Slain by an ogre

Vault maps used:
D:1:      noname_arrival_rooms_in_the_neighbourhood, st_stairs_5
D:2:      grunt_qazlal_sundering, uniq_jessica
D:3:      serial_park_tiny_pond, minivault_14, lemuel_blue_sif_altar, uniq_iyjb,
          uniq_sigmund

Action                   |  1- 3 |  4- 6 || total
-------------------------+-------+-------++-------
Melee: Mace              |    75 |    56 ||   131
Invok: Depart the Abyss  |     1 |       ||     1
  Use: Scroll            |     7 |     1 ||     8
  Eat: Chunk             |     1 |     1 ||     2
       Royal jelly       |     1 |       ||     1
       Fruit             |       |     5 ||     5
